 Dungeon Crawl Stone Soup version 0.27.1-15-g792fb953b9 (webtiles) character file.

Game seed: 548326994854993886

168 Descartes the Covert (level 5, 0/28 HPs)
             Began as a Spriggan Delver on Nov 19, 2021.
             Slain by a bullfrog (7 damage)
             ... in a sewer.
             The game lasted 00:07:54 (2591 turns).

Descartes the Covert (Spriggan Delver)              Turns: 2591, Time: 00:07:55

Health: 0/28       AC:  2    Str:  9    XL:     5   Next: 23%
Magic:  6/6        EV: 18    Int: 12    God:
Gold:   7          SH:  0    Dex: 16    Spells: 4/4 levels left

rFire    . . .     SeeInvis +   a - +0 short sword
rCold    . . .     Faith    .   (shield restricted)
rNeg     . . .     Spirit   .   b - +0 robe
rPois    .         Reflect  .   (helmet restricted)
rElec    .         Harm     .   (no cloak)
rCorr    .         Rampage  .   (gloves unavailable)
Will     .....                  (boots unavailable)
Stlth    ++++......             (no amulet)
HPRegen  0.09/turn              (no ring)
MPRegen  0.10/turn              (no ring)

@: very quick
A: very small, no large weapons, unfitting armour, see invisible, speed 3
a: no special abilities


You were in a sewer.
You visited 1 branch of the dungeon, and saw 3 of its levels.
You also visited: Sewer.

You collected 7 gold pieces.

Inventory:

Hand Weapons
 a - a +0 short sword (weapon)
Missiles
 h - 27 stones (quivered)
 j - 22 arrows
Armour
 b - a +0 robe (worn)
Wands
 g - a wand of digging (3)
Scrolls
 c - a scroll of fog
 d - 2 scrolls of magic mapping
 i - a scroll of identify {unknown}
 k - a scroll of teleportation {unknown}


   Skills:
 - Level 3.0 Fighting
 + Level 2.9 Short Blades
 + Level 3.5 Dodging
 + Level 9.6 Stealth


You had 4 spell levels left.
You didn't know any spells.
Your spell library was empty.

Dungeon Overview and Level Annotations

Branches:
Dungeon (5/15)              Sewer (1/1)
 Temple: D:4-7

Altars:
Ashenzari
Hepliaklqana
Wu Jian
Xom

Shops:
D:3 (


Innate Abilities, Weirdness & Mutations

You are very small and have problems with some larger weapons.
You are too small for most types of armour.
You have supernaturally acute eyesight. (SInv)
You cover ground extremely quickly. (Speed+++)


Message History

Moving in this stuff is going to be slow.
The bullfrog hits you but does no damage.
You see here a giant cockroach corpse.
You barely miss the frilled lizard.
The frilled lizard is moderately wounded.
The bullfrog barely misses you. The frilled lizard closely misses you.
You hit the bullfrog.
The bullfrog is moderately wounded.
The bullfrog barely misses you. x2
You hit the bullfrog.
The bullfrog is moderately wounded.
The bullfrog closely misses you.
You enter the shallow water.
Moving in this stuff is going to be slow.
The bullfrog barely misses you.
You miss the frilled lizard.
The frilled lizard is moderately wounded.
The bullfrog misses you.
The frilled lizard bites you but does no damage.
You hit the bullfrog but do no damage.
The bullfrog is moderately wounded.
The bullfrog completely misses you. The bullfrog barely misses you.
The frilled lizard completely misses you.
You hit the bullfrog.
The bullfrog is heavily wounded.
The bullfrog hits you.
* * * LOW HITPOINT WARNING * * *
The frilled lizard misses you.
You aren't carrying any potions.
As you read the scroll of fear, it crumbles to dust.
You assume a fearsome visage.
The bullfrog looks frightened!
The frilled lizard looks frightened! x2; The endoplasm looks frightened!
The frilled lizard looks frightened!
You are too injured to fight recklessly!
You catch the helpless frilled lizard completely off-guard!
You puncture the frilled lizard!
You kill the frilled lizard!
Cornered, the bullfrog turns to fight!
The bullfrog hits you!
You die...

##∩##≈≈≈≈≈#####≈≈..≈##
#≈≈#≈.≈.###≈≈.###≈≈≈≈#
##..#≈.≈##≈≈≈.≈≈.##.≈≈#
#..##.≈##≈†≈≈≈≈.≈≈##≈≈##
#∩.#≈≈≈#.≈≈≈≈≈≈≈≈≈.#≈≈≈#
#.≈#.≈##≈≈.#####≈.≈##.≈#
##.##≈≈#≈≈†## ##≈≈.#.≈##
#..#≈≈≈#†≈## ##≈≈#≈≈≈#
#≈≈#≈###≈@# #.≈##.≈#
#.≈#÷#≈≈F##≈≈≈≈≈≈≈##.≈#≈≈#
#≈≈#≈#∩≈.# ≈≈≈≈≈≈≈ #≈.#≈.#
#≈≈#≈#l≈.# ≈≈≈≈.≈≈ #≈≈#≈≈#
#≈≈#≈##††# ≈≈≈..≈≈ #÷.#≈.#
#≈≈#.≈#Jl# ≈B≈$!.≈ #≈≈#≈≈#
#≈÷#≈≈#≈.# ≈≈?)$.≈ #≈≈#≈≈#
#.≈.≈≈#..##≈.≈..≈≈##.≈#≈≈#
#.≈≈≈≈#.≈≈≈l≈≈.≈≈≈#≈≈##≈≈#


You could see a bullfrog, an endoplasm (fleeing) and 2 frilled lizards.

Vanquished Creatures
  A bullfrog zombie (D:5)
  A hound (D:5)
  An iguana (D:5)
  A hound zombie (D:5)
  2 adders
  An orc (D:3)
  7 endoplasms (Sewer)
  6 giant cockroaches
  12 quokkas
  4 ball pythons (Sewer)
  9 frilled lizards (Sewer)
  A spectral hobgoblin (D:5)
46 creatures vanquished.

Notes
Turn   | Place    | Note
-------+----------+-------------------------------------------
     0 | D:5      | Descartes the Spriggan Delver began the quest for the Orb.
     0 | D:5      | Reached XP level 1. HP: 11/11 MP: 2/2
    21 | D:5      | Found a shimmering altar of Xom.
    22 | D:5      | Found an ornate altar of the Wu Jian Council.
    23 | D:5      | Found a broken altar of Ashenzari.
    23 | D:5      | Noticed an iguana
    26 | D:5      | Killed an iguana
    27 | D:5      | Reached skill level 8 in Stealth
    27 | D:5      | Reached XP level 2. HP: 16/16 MP: 3/3
   107 | D:5      | Reached XP level 3. HP: 19/19 MP: 4/4
   215 | D:5      | Noticed a phantom
   296 | D:5      | Reached skill level 9 in Stealth
   296 | D:5      | Reached XP level 4. HP: 23/23 MP: 5/5
   648 | D:5      | Found a hazy altar of Hepliaklqana.
   884 | D:3      | Found Ifacaim's Weapon Shoppe.
   924 | D:3      | Found a glowing drain.
   935 | Sewer    | Entered a sewer
  1488 | Sewer    | Reached XP level 5. HP: 28/28 MP: 6/6
  2591 | Sewer    | Slain by a bullfrog

Illustrated notes

Levels and vault maps discovered:
D:3:      layout_loops_corners, nicolae_tso_carved_into_rock,
          mainiacjoe_overflow_alcove_4, serial_shops, nicolae_shop_trees,
          portal_sewer_entry_d, minmay_close_crescents
D:4:      layout_layer_cave, elyvilon_altar_4
D:5:      layout_basic, chequers_temple_overflow_statue_of_worship,
          nicolae_hepliaklqana_monster_ancestors,
          amcnicky_mini_rare_corridor_liquid
Sewer:    sewer_frog_island_02

Skill      XL: |  1  2  3  4 |
---------------+-------------+-----
Stealth        | 8 9 |  9.6
Fighting       | 3 |  3.0
Dodging        | 3 |  3.5
Short Blades   | |  2.9

Action                   |  1- 3 |  4- 6 || total
-------------------------+-------+-------++-------
Melee: Short sword       |     3 |   266 ||   269
  Use: Potion            |       |     2 ||     2
       Scroll            |       |     2 ||     2
 Stab: Sleeping          |     3 |    12 ||    15
       Fleeing           |       |     1 ||     1
Armor: Robe              |       |    19 ||    19
Dodge: Dodged            |       |   221 ||   221
